Map: Dash and Terminal LE (Void)

Players

wabbajack - Winner!

  • Race: Zerg Zerg
  • League: Gold

Sneakyness

  • Race: Terran Terran
  • League: Bronze

VOD

Have the link to the VOD?

Description

Time

  • Played on: July 22, 2015, 1:18 a.m.
  • Length: 6:02
Show
View Real Time Build Order
Export as new Build Order

wabbajack Zerg - Winner!

Build Orders: Hatch First 

Get SALT Encoding   

  12  0:03  Drone  
  13  0:16  Overlord  
  13  0:29  Drone  
  13  0:35  Drone x2  
  16  0:40  Drone  
  17  0:57  Hatchery  
  16  1:15  Drone x2, Extractor, Spawning Pool  
  16  1:19  Drone  
  17  1:34  Drone  
  18  1:44  Overlord  
  18  1:57  Drone  
  18  2:00  Drone  
  20  2:02  Queen  
  22  2:10  Queen  
  22  2:11  Zergling x2  
  22  2:12  Zergling x2  
  26  2:25  Extractor  
  25  2:34  Zergling x2  
  26  2:37  Zergling x2  
  27  2:47  Pneumatized Carapace  
  27  2:55  Baneling Nest, Zergling x6  
  27  2:56  Zergling x4  
  31  3:05  Zergling x2  
  32  3:17  Overlord  
  32  3:18  Drone  
  32  3:19  Drone x3  
  36  3:22  Overlord  
  36  3:39  Baneling  
  36  3:40  Baneling x3  
  36  3:41  Baneling  
  36  3:42  Baneling  
  37  4:10  Drone x11  
  42  4:51  Zergling x2  
  42  4:52  Zergling x20  
  42  5:12  Baneling  
  42  5:13  Baneling x9  
  38  5:27  Zergling x10  
Show
View Real Time Build Order
Export as new Build Order

Sneakyness Terran 

Build Orders:  

Get SALT Encoding   

  12  0:01  SCV  
  13  0:13  SCV  
  14  0:25  Supply Depot  
  14  0:26  SCV  
  15  0:40  Refinery  
  15  0:47  SCV  
  15  0:49  Barracks  
  16  0:59  SCV  
  17  1:11  SCV  
  17  1:12  Refinery  
  18  1:20  Supply Depot  
  18  1:23  SCV  
  19  1:35  SCV  
  19  1:39  Barracks Tech Lab  
  20  1:44  Barracks  
  20  1:51  Orbital Command  
  20  2:03  Marauder  
  20  2:04  Concussive Shells  
  22  2:16  Factory  
  22  2:34  SCV  
  22  2:36  Barracks Tech Lab  
  25  2:37  Marauder  
  24  2:45  Supply Depot  
  24  2:46  SCV  
  25  3:00  Marauder  
  25  3:03  Marauder  
  29  3:05  Widow Mine  
  29  3:09  SCV  
  32  3:18  Supply Depot  
  32  3:21  SCV  
  32  3:24  Marauder  
  35  3:31  Marauder  
  37  3:36  Supply Depot  
  37  3:40  Widow Mine  
  39  3:45  SCV  
  40  3:51  Marauder  
  42  3:58  SCV, Marauder  
  45  4:06  Engineering Bay  
  45  4:11  SCV  
  45  4:14  Widow Mine  
  48  4:19  Marauder  
Tags
 
Add a new tag
Caveats
  • Supply blocks, unpowered buildings, or Contaminate may cause inaccurate times.
  • Supply counts are checked every 10 seconds.